 Dungeon Crawl Stone Soup version 0.24.0-125-gc4c63601f3 (webtiles) character file.

Game seed: 14583445357544388442, levelgen mode: deterministic

50 Kohma the Charlatan (level 3, 0/18 HPs)
             Began as a Vine Stalker Artificer on Feb 28, 2020.
             Succumbed to an adder's poison
             ... on level 2 of the Dungeon.
             The game lasted 00:04:49 (1264 turns).

Kohma the Charlatan (Vine Stalker Artificer)        Turns: 1264, Time: 00:04:50

Health: 0/18       AC:  3    Str: 15    XL:     3   Next: 79%
Magic:  3/6        EV: 12    Int: 11    God:
Gold:   43         SH:  0    Dex: 14    Spells: 1/2 levels left

rFire    . . .     SeeInvis .   a - +0 short sword
rCold    . . .     Gourm    .   (no shield)
rNeg     . . .     Faith    .   b - +0 leather armour
rPois    .         Spirit   +   (no helmet)
rElec    .         Reflect  .   (no cloak)
rCorr    .         Harm     .   (no gloves)
MR       .....                  (no boots)
Stlth    ++........             (no amulet)
HPRegen  0.06/turn              (no ring)
MPRegen  0.10/turn              (no ring)

@: lethally poisoned (0 -> -8)
A: fangs 2, magic shield, antimagic bite, no potion heal 3, rot immunity
a: no special abilities


You were on level 2 of the Dungeon.
You were not hungry.

You visited 1 branch of the dungeon, and saw 2 of its levels.

You collected 43 gold pieces.

Inventory:

Hand Weapons
 a - a +0 short sword (weapon)
Missiles
 k - 5 datura-tipped darts (quivered)
Armour
 b - a +0 leather armour (worn)
Jewellery
 o - an uncursed amulet of guardian spirit {unknown}
Wands
 c - a wand of flame (15)
 d - a wand of enslavement (15)
 e - a wand of random effects (15)
Scrolls
 g - a scroll of enchant armour {unknown}
 i - 2 scrolls of identify {unknown}
 m - a scroll of amnesia {unknown}
 n - 2 scrolls of remove curse {unknown}
 q - a scroll of blinking {unknown}
Potions
 h - 3 potions of curing
 l - 2 potions of cancellation {unknown}
 p - a potion of might {unknown}
Comestibles
 f - 3 rations
 j - 3 chunks of flesh


   Skills:
 + Level 1.5 Fighting
 * Level 1.8 Short Blades
 - Level 1.5 Dodging
 * Level 2.9 Stealth
 - Level 3.0 Evocations


You had one spell level left.
You knew the following spells:

 Your Spells              Type           Power        Failure   Level  Hunger
a - Confusing Touch       Hex            #.....       41%         1    ##.....

Your spell library contained the following spells:

 Spells                   Type           Power        Failure   Level  Hunger
 Animate Skeleton         Necr           N/A          41%         1    ##.....
 Apportation              Tloc           #.....       41%         1    ##.....
 Summon Small Mammal      Summ           #...         41%         1    ##.....


Dungeon Overview and Level Annotations

Branches:
Dungeon (2/15)

Altars:


Innate Abilities, Weirdness & Mutations

You have extremely sharp teeth.
When hurt, damage is shared between your health and your magic reserves.
Your bite disrupts and absorbs the magic of your enemies.
Potions cannot restore your health.
You are immune to rotting.


Message History

The adder is severely wounded.
The adder bites you.
* * * LOW HITPOINT WARNING * * *
* * * LOW HITPOINT WARNING * * *
You feel sick. The adder closely misses you. The adder completely misses you.
It was a potion of curing.
Your system rejects the healing.
You feel better. The adder bites you but does no damage.
You hit the adder but do no damage. Your bite misses the adder.
The adder is severely wounded.
The adder closely misses you.
You barely miss the adder. Your bite misses the adder.
The adder is severely wounded.
The adder bites you.
* * * LOW HITPOINT WARNING * * *
You are lethally poisoned!
The adder poisons you!
You barely miss the adder. Your bite misses the adder.
The adder is severely wounded.
You die...

########### #...%.....#
#.........#################
#........S@................
#.........############.....
#.........# #.....
#####.##### #..... #.#
#..... #.# ##.... #. ##...
...... #### ...?. ###


You could see an adder.

Vanquished Creatures
  An adder (D:2)
  2 worms (D:2)
  3 dart slugs
  A ball python (D:1)
  2 giant cockroaches
  3 goblins (D:1)
  4 hobgoblins
  5 bats
  2 frilled lizards
  5 kobolds
  2 rats (D:1)
30 creatures vanquished.

Notes
Turn   | Place    | Note
-------+----------+-------------------------------------------
     0 | D:1      | Kohma the Vine Stalker Artificer began the quest for the
                  | Orb.
     0 | D:1      | Reached XP level 1. HP: 9/9 MP: 3/3
    36 | D:1      | Reached skill level 1 in Short Blades
    49 | D:1      | Reached skill level 1 in Fighting
   449 | D:1      | Reached XP level 2. HP: 14/14 MP: 5/5
   786 | D:2      | Reached XP level 3. HP: 18/18 MP: 6/6
   865 | D:2      | Learned a level 1 spell: Confusing Touch
  1171 | D:2      | Reached skill level 3 in Evocations
  1264 | D:2      | Succumbed to an adder's poison

Levels and vault maps discovered:
D:1:      sevenhm_arrival_forest_fort_small_4, layout_basic,
          hangedman_feature_mirror, minmay_stone_trees_small
D:2:      layout_rooms, lemuel_crystal_altar, marbit_many_paths, first_ration

Skill      XL: |  1  2  3 |
---------------+----------+-----
Short Blades   | 1 |  1.8
Fighting       | 1 |  1.5
Stealth        | 2 |  2.9
Evocations     | 3 |  3.0
Dodging        | |  1.5

Action                   || total
-------------------------++-------
Melee: Short sword       ||    88
       Bite              ||    23
Throw: Dart              ||     3
  Use: Potion            ||     1
 Stab: Sleeping          ||     3
  Eat: Chunk             ||     1
Armor: Leather armour    ||    24
Dodge: Dodged            ||    68
